 Dungeon Crawl Stone Soup version 0.20.1-1-g8b1a95d (webtiles) character file.

2174 vomix the Cleaver (level 9, 0/105 HPs)
             Began as a Minotaur Berserker on Aug 14, 2017.
             Was a Priest of Trog.
             Slain by an orc warrior
             ... wielding a +0 short sword
              (8 damage)
             ... on level 6 of the Dungeon.
             The game lasted 00:15:38 (4879 turns).

vomix the Cleaver (Minotaur Berserker)              Turns: 4879, Time: 00:15:38

Health: 0/105      AC:  9    Str: 28    XL:     9   Next: 11%
Magic:  8/8        EV:  9    Int:  4    God:    Trog [***...]
Gold:   236        SH:  0    Dex: 12    Spells: 8/8 levels left

rFire    . . .     SeeInvis .   b - +0 war axe
rCold    . . .     Gourm    .   (no shield)
rNeg     . . .     Faith    .   q - +0 chain mail
rPois    .         Spirit   .   (helmet restricted)
rElec    .         Reflect  .   s - +0 cloak
rCorr    .         Harm     .   (no gloves)
MR       ++...                  (no boots)
Stlth    ..........             (no amulet)
Regen    1.3/turn               (no ring)
MPRegen  0.2/turn               (no ring)

@: berserking, regenerating, very quick
A: retaliatory headbutt, horns 2
a: Berserk, Trog's Hand, Burn Spellbooks, Renounce Religion


You were on level 6 of the Dungeon.
You worshipped Trog.
Trog was most pleased with you.
You were near starving.

You visited 1 branch of the dungeon, and saw 6 of its levels.

You collected 262 gold pieces.
You spent 26 gold pieces at shops.

Inventory:

Hand Weapons
 b - a +0 war axe (weapon)
Armour
 q - a +0 chain mail (worn)
 s - a +0 cloak (worn)
Wands
 l - a wand of enslavement (0/24)
 m - a wand of flame (11/48)
Scrolls
 d - a scroll of enchant armour {unknown}
 e - 2 scrolls of amnesia {unknown}
 g - a scroll of random uselessness {unknown}
 h - 7 scrolls of teleportation
 i - 2 scrolls of identify
 j - a scroll of blinking {unknown}
 k - a scroll of fog
 n - 2 scrolls of remove curse
 p - a scroll of magic mapping {unknown}
 v - 2 scrolls of fear {unknown}
 w - a scroll of recharging {unknown}
Potions
 a - a potion of might {unknown}
 o - a potion of flight
 t - a potion of resistance
 u - a potion of ambrosia
Comestibles
 c - 3 bread rations
 f - 2 meat rations
 z - a fruit


   Skills:
 - Level 3.6 Fighting
 + Level 14.1 Axes
 - Level 2.4 Armour
 - Level 2.1 Dodging


You had 8 spell levels left.
You didn't know any spells.

Dungeon Overview and Level Annotations

Branches:
Dungeon (6/15)
 Temple: D:4-7

Altars:
Ashenzari
Gozag
Makhleb
Nemelex Xobeh

Shops:
D:4 *   D:5 =

Annotations:
D:6 Menkaure


Innate Abilities, Weirdness & Mutations

You reflexively headbutt those who attack you in melee.
You have a pair of horns on your head.


Message History

* * * LOW HITPOINT WARNING * * *
You slash the orc warrior!
The orc warrior is moderately wounded.
The orc warrior hits you with a short sword.
* * * LOW HITPOINT WARNING * * *
The orc hits you from afar with a trident.
* * * LOW HITPOINT WARNING * * *
Your skin crawls.
You feel resistant to hostile enchantments.
You feel somewhat more hungry.
The orc warrior hits you with a short sword!
* * * LOW HITPOINT WARNING * * *
Okay, then.
Okay, then.
A red film seems to cover your vision as you go berserk!
You feel yourself moving faster!
You feel mighty!
You are near starving!
The orc hits you but does no damage. x2
The orc warrior hits you with a short sword!
You die...

....## #.# # ###.... .....##
#.##########...#.# ...[..###
###.#..........###..
.###....######.....##########
### # ##.#........#.### #
#<##.....###...#####
#....###....##.....# #...###
####...####.# ....#..
##@....# ....#.. #oo........
###. ...o........
........>.....
....M...........
...)............
................
....#..........


You could see an orc warrior, Menkaure and 2 orcs.

Vanquished Creatures
  Pikel (D:4)
  Sigmund (D:2)
  Eustachio (D:4)
  A water moccasin (D:5)
  An ice beast (D:6)
  2 slaves (D:4)
  A bullfrog (D:6)
  Blork the orc (D:5)
  3 scorpions
  2 howler monkeys (D:4)
  A bullfrog zombie (D:5)
  A centaur zombie (D:5)
  3 orc priests
  2 hounds
  9 orc wizards
  A bullfrog skeleton (D:5)
  2 iguanas (D:4)
  4 worker ants
  Ijyb (D:4)
  Terence (D:2)
  A hound zombie (D:5)
  2 worker ant zombies (D:6)
  Robin (D:4)
  3 adders
  An adder zombie (D:5)
  2 worms
  A dart slug (D:2)
  4 leopard geckos
  17 orcs
  3 giant cockroaches
  11 hobgoblins
  6 jackals
  7 quokkas
  6 bats
  6 frilled lizards
  13 goblins
  9 kobolds
  A quokka skeleton (D:5)
  A quokka zombie (D:5)
  8 rats
142 creatures vanquished.

Vanquished Creatures (others)
  A hound (D:4)
  A leopard gecko (D:4)
2 creatures vanquished.

Grand Total: 144 creatures vanquished

Notes
Turn   | Place    | Note
-------+----------+-------------------------------------------
     0 | D:1      | vomix the Minotaur Berserker began the quest for the Orb.
     0 | D:1      | Reached XP level 1. HP: 19/19 MP: 0/0
   167 | D:1      | Reached skill level 4 in Axes
   264 | D:1      | Reached XP level 2. HP: 19/26 MP: 1/1
   585 | D:1      | Reached ** piety under Trog
   587 | D:1      | Reached skill level 5 in Axes
   794 | D:2      | Reached XP level 3. HP: 31/31 MP: 2/2
  1038 | D:2      | Found a shattered altar of Ashenzari.
  1039 | D:2      | Noticed Terence
  1048 | D:2      | Killed Terence
  1083 | D:2      | Reached XP level 4. HP: 37/39 MP: 3/3
  1221 | D:2      | Reached skill level 6 in Axes
  1273 | D:2      | Noticed Sigmund
  1286 | D:2      | Killed Sigmund
  1286 | D:2      | Reached skill level 7 in Axes
  1286 | D:2      | Reached XP level 5. HP: 45/45 MP: 4/4
  1422 | D:2      | Reached skill level 8 in Axes
  1525 | D:2      | Found a sparkling altar of Nemelex Xobeh.
  2098 | D:3      | Reached XP level 6. HP: 51/51 MP: 5/5
  2238 | D:4      | Noticed a slave
  2238 | D:4      | Noticed Robin
  2239 | D:4      | Noticed a slave
  2239 | D:4      | Noticed Pikel
  2242 | D:4      | Noticed a slave
  2248 | D:4      | Noticed a slave
  2251 | D:4      | Killed Robin
  2251 | D:4      | Killed a slave
  2252 | D:4      | Killed a slave
  2254 | D:4      | Killed Pikel
  2254 | D:4      | Reached skill level 10 in Axes
  2254 | D:4      | Reached XP level 7. HP: 42/57 MP: 6/6
  2436 | D:4      | Noticed Eustachio
  2442 | D:4      | HP: 2/57 [worker ant (7)]
  2444 | D:4      | Reached skill level 11 in Axes
  2449 | D:4      | Killed Eustachio
  2474 | D:4      | Reached XP level 8. HP: 22/64 MP: 7/7
  2816 | D:4      | Found a burning altar of Makhleb.
  3095 | D:4      | Found Ryschylid's General Store.
  3118 | D:4      | Reached skill level 12 in Axes
  3126 | D:4      | Noticed Ijyb
  3173 | D:4      | Killed Ijyb
  3237 | D:4      | Bought a scroll of identify for 26 gold pieces
  3380 | D:4      | Reached *** piety under Trog
  3778 | D:5      | Entered Level 5 of the Dungeon
  3840 | D:5      | Noticed Blork the orc
  3846 | D:5      | Killed Blork the orc
  4047 | D:5      | Reached skill level 13 in Axes
  4477 | D:5      | Found Xeniott's Jewellery Shoppe.
  4490 | D:5      | Found an opulent altar of Gozag.
  4633 | D:6      | Reached XP level 9. HP: 70/70 MP: 8/8
  4819 | D:6      | Reached skill level 14 in Axes
  4876 | D:6      | Noticed Menkaure
  4879 | D:6      | Slain by an orc warrior

Skill      XL: |  1  2  3  4  5  6  7  8  9 |
---------------+----------------------------+-----
Axes           | 4 5 7 8 10 11 13 14 | 14.1
Fighting       | |  3.6
Armour         | |  2.4
Dodging        | |  2.1

Action                   |  1- 3 |  4- 6 |  7- 9 || total
-------------------------+-------+-------+-------++-------
Melee: Hand axe          |    73 |    86 |    77 ||   236
       Headbutt          |     5 |    12 |    31 ||    48
       War axe           |       |       |   112 ||   112
Invok: Berserk           |     1 |     2 |     6 ||     9
       Trog's Hand       |       |     2 |     2 ||     4
  Use: Potion            |       |       |     4 ||     4
       Scroll            |       |       |     7 ||     7
  Eat: Chunk             |     2 |     5 |     7 ||    14
       Meat ration       |       |       |     1 ||     1
       Royal jelly       |       |       |     1 ||     1
Armor: Animal skin       |     4 |       |       ||     4
       Scale mail        |     8 |    17 |       ||    25
       Chain mail        |       |    17 |    62 ||    79
       Ring mail         |       |    11 |    33 ||    44
Dodge: Dodged            |    52 |    45 |    84 ||   181
